 Dungeon Sprint DCSS version 0.22-a0-567-gff9aefc (webtiles) character file.

48020 emperorscorpion the Brawler (level 14, -8/169 HPs)
             Began as a Troll Transmuter on June 29, 2018.
             Was the Champion of Sif Muna.
             Mangled by a spriggan berserker
             ... wielding a +0 quarterstaff
              (28 damage)
             ... in the Dungeon (Sprint IX: "|||||||||||||||||||||||||||||").
             The game lasted 00:26:19 (4071 turns).

emperorscorpion the Brawler (Troll Transmuter)      Turns: 4071, Time: 00:26:19

Health: -8/169     AC: 25    Str: 26    XL:     14   Next: 10%
Magic:  27/28      EV: 16    Int: 11    God:    Sif Muna [******]
Gold:   26         SH: 14    Dex: 13    Spells: 7/36 levels left

rFire    . . .     SeeInvis .     - Unarmed
rCold    . . .     Gourm    +   j - +2 shield {reflect}
rNeg     + . .     Faith    .   (armour currently unavailable)
rPois    ∞         Spirit   .   (helmet restricted)
rElec    +         Reflect  +   M - +1 cloak
rCorr    .         Harm     .   (gloves unavailable)
MR       +....     NoTele   +   (boots unavailable)
Stlth    ++........             (no amulet)
HPRegen  0.78/turn              q - +3 ring of dexterity
MPRegen  0.21/turn              r - +3 ring of strength

@: statue-form, very slow
A: large, unfitting armour, claws 3, fast metabolism 3, gourmand, regeneration 1
a: End Transformation, Divine Energy, Channel Magic, Forget Spell, Renounce
Religion


You were in the Dungeon.
You worshipped Sif Muna.
Sif Muna was exalted by your worship.
You were full.
You were a stone statue.
You visited 1 branch You collected 1913 gold pieces.
You spent 1887 gold pieces at shops.

Inventory:

Hand Weapons
 K - a +5 blowgun
 L - the +9 hand crossbow of the Tired Curses {freeze, Dex+2}
   (You found it in the Dungeon)

   It causes projectiles fired from it to freeze those they strike, causing
   extra injury to most foes and up to half again as much damage against
   particularly susceptible opponents.
   They can also slow down cold-blooded creatures.
   It affects your dexterity (+2).
Missiles
 a - 24 arrows
 Q - 6 large rocks (quivered)
 R - 18 javelins
Armour
 b - a +0 robe (melded)
 c - a scarf of resistance
 j - a +2 shield of reflection (worn)
 M - a +1 cloak (worn)
Magical Staves
 o - an uncursed staff of energy
Jewellery
 q - a +3 ring of dexterity (left claw)
 r - a +3 ring of strength (right claw)
 y - an uncursed ring of protection from cold
 G - an uncursed ring of protection from cold
 H - an uncursed ring of protection from magic
 I - an uncursed ring of poison resistance
 J - an uncursed ring of fire
Wands
 n - a wand of acid (4)
 A - a wand of clouds (4)
Scrolls
 l - 3 scrolls of remove curse
 m - 2 scrolls of amnesia
 u - 2 scrolls of identify
 v - 4 scrolls of fog
 w - a scroll of fear
 x - 4 scrolls of enchant armour
 O - 2 scrolls of enchant weapon
Potions
 e - 6 potions of curing
 f - 6 potions of heal wounds
 g - 2 potions of haste
 h - 4 potions of magic
 i - a potion of berserk rage
 k - a potion of invisibility
 p - 3 potions of mutation
 s - a potion of might
 t - 3 potions of flight
 z - a potion of agility
 F - a potion of degeneration {unknown}
 N - a potion of brilliance
 S - a potion of lignification {unknown}
Miscellaneous
 B - a box of beasts
 C - a phial of floods
 D - a sack of spiders
 E - a fan of gales
Comestibles
 d - 12 rations


   Skills:
 + Level 6.0 Fighting
 + Level 11.1 Dodging
 - Level 1.1 Stealth
 * Level 10.4 Shields
 + Level 20.8 Unarmed Combat
 + Level 11.5 Spellcasting
 - Level 0.8 Charms
 + Level 3.2 Necromancy
 * Level 3.0 Translocations
 + Level 12.4 Transmutations
 - Level 3.9 Ice Magic
 + Level 9.7 Earth Magic
 - Level 1.1 Poison Magic
 + Level 3.3 Evocations


You had 7 spell levels left.
You knew the following spells:

 Your Spells              Type           Power        Failure   Level  Hunger
a - Beastly Appendage     Tmut           ####..       1%          1    None
b - Sticks to Snakes      Tmut           ####....     1%          2    None
c - Ice Form              Ice/Tmut       ###.....     3%          4    ####...
d - Spider Form           Tmut/Pois      ###.......   1%          3    ##.....
e - Statue Form           Tmut/Erth      ####.....    19%         6    #######
f - Freezing Cloud        Conj/Ice/Air   #.........   100%        6    #######
g - Force Lance           Conj/Tloc      #.......     50%         4    ####...
r - Regeneration          Chrm/Necr      ##........   14%         3    ##.....

Your spell library contained the following spells:

 Spells                   Type           Power        Failure   Level  Hunger
 Magic Dart               Conj           #...         11%         1    None
 Apportation              Tloc           ##....       3%          1    None
 Bolt of Magma            Conj/Fire/Erth ##........   63%         5    #####..
 Slow                     Hex            #.......     17%         2    None
 Mephitic Cloud           Conj/Pois/Air  #.......     28%         3    ##.....
 Venom Bolt               Conj/Pois      #.........   94%         5    #####..
 Death's Door             Chrm/Necr      ##........   100%        8    #######
 Bolt of Draining         Conj/Necr      #.........   83%         5    #####..
 Lehudib's Crystal Spear  Conj/Erth      ###.......   100%        8    #######
 Iskenderun's Mystic Bla  Conj           #.......     73%         4    ####...
 Borgnjor's Revivificati  Necr           ##........   100%        8    #######
 Sticky Flame             Conj/Fire      #.......     73%         4    ####...
 Summon Ice Beast         Ice/Summ       ##......     43%         4    ####...
 Call Imp                 Summ           #.......     17%         2    None
 Dispel Undead            Necr           ##......     63%         5    #####..
 Poison Arrow             Conj/Pois      #.........   100%        6    #######
 Sting                    Conj/Pois      #...         9%          1    None
 Sublimation of Blood     Necr           ##........   4%          2    None
 Corpse Rot               Necr           N/A          4%          2    None
 Iron Shot                Conj/Erth      ###.......   93%         6    #######
 Stone Arrow              Conj/Erth      ###...       4%          3    ##.....
 Swiftness                Chrm/Air       #.......     14%         2    None
 Agony                    Necr           ##......     63%         5    #####..
 Blade Hands              Tmut           ####......   1%          5    #####..
 Throw Icicle             Conj/Ice       ##......     43%         4    ####...
 Glaciate                 Conj/Ice       ##........   100%        9    #######
 Shadow Creatures         Summ           N/A          100%        6    #######
 Ensorcelled Hibernation  Hex/Ice        ##....       8%          2    None
 Summon Butterflies       Summ           #.......     11%         1    None
 Silence                  Hex/Air        #.........   97%         5    #####..
 Static Discharge         Conj/Air       #.......     32%         3    ##.....
 Alistair's Intoxication  Tmut/Pois      ###.....     19%         5    #####..
 Excruciating Wounds      Chrm/Necr      ##........   78%         5    #####..
 Portal Projectile        Hex/Tloc       #.....       17%         3    ##.....
 Orb of Destruction       Conj           #.........   100%        7    #######
 Malign Gateway           Summ/Tloc      #.........   100%        7    #######
 Leda's Liquefaction      Hex/Erth       ###.......   16%         4    ####...
 Darkness                 Hex            #.........   100%        6    #######
 Inner Flame              Hex/Fire       #.......     32%         3    ##.....
 Disjunction              Tloc           ##........   100%        8    #######
 Dazzling Spray           Conj/Hex       #.....       32%         3    ##.....
 Infusion                 Chrm           #...         8%          1    None
 Spectral Weapon          Hex/Chrm       #.......     28%         3    ##.....
 Searing Ray              Conj           #.....       17%         2    None
 Summon Forest            Summ/Tloc      #.........   85%         5    #####..
 Summon Lightning Spire   Summ/Air       #.......     73%         4    ####...
 Hydra Form               Tmut           ####......   10%         6    #######
 Irradiate                Conj/Tmut      ###.......   24%         5    #####..
 Yara's Violent Unravell  Hex/Tmut       ###.......   24%         5    #####..
 Lesser Beckoning         Tloc           ##........   10%         3    ##.....
 Borgnjor's Vile Clutch   Necr/Erth      ###.......   22%         5    #####..


Dungeon Overview and Level Annotations

Branches:
Dungeon (1/1)

Altars:
Cheibriados
Dithmenos
Elyvilon
Fedhas
Gozag
Hepliaklqana
Kikubaaqudgha
Makhleb
Nemelex Xobeh
Okawaru
Qazlal
Ru
Sif Muna
Trog
Uskayaw
Vehumet
Wu Jian
Xom
Yredelemnul
Zin
The Shining One
Beogh
Jiyva
Lugonu

Shops:
D }[*[


Innate Abilities, Weirdness & Mutations

You are too large for most types of armour.
You have claws for hands.
Your metabolism is lightning-fast.
You like to eat raw meat.
Your natural rate of healing is unusually fast.
((You are covered in fur. (AC +1)))
((You have very tough skin. (AC +2)))


Message History

The death yak is severely wounded.
The death yak gores you but does no damage.
You feel much better.
The death yak rages.
You block the death yak's attack. The death yak completely misses you.
You claw the death yak!
The death yak is almost dead.
You block the death yak's attack. The death yak gores you!!
* * * LOW HITPOINT WARNING * * *
You eviscerate the death yak!!!!
You kill the death yak!
The death yak's corpse disappears in a puff of smoke!
The spriggan berserker hits you with a quarterstaff.
* * * LOW HITPOINT WARNING * * *
You closely miss the spriggan berserker.
You block the spriggan berserker's attack.
The death yak rages.
You barely miss the spriggan berserker.
The spriggan berserker hits you with a quarterstaff!!
You die...

.▓.▓.▓.▓.▓.▓.▓.▓.▓
.▓.▓.▓.▓.▓.▓.▓.▓(▓
.▓.▓.▓.▓.▓.▓.▓.▓.▓
.▓.▓'▓.▓.▓.▓.▓.▓.▓
.▓.▓)▓.▓.▓.▓.▓.▓.▓
.▓.▓.▓.▓)▓.♣†♣.▓)▓
.▓.▓)▓.▓)▓.♣†♣.▓S▓
.▓.▓)▓.▓)▓.♣.♣.▓S▓
.▓.▓)▓.▓.▓.♣.♣.▓8▓
.▓)▓)▓.▓)▓.♣.♣.▓i▓
.▓.▓)▓.▓.▓.♣.♣.▓Y▓
'▓.▓.▓.▓)▓.♣.♣.▓.▓
÷▓.▓(▓.▓)▓.♣.♣.▓.▓
.▓.▓.▓.▓.▓.♣.♣.▓.▓
.▓.▓.▓.▓[▓.♣.♣.▓.▓
.▓.▓.▓.▓[▓.▓'▓.▓.▓
.▓.▓[▓.▓[▓.▓.▓.▓


You could see a death yak (berserk), a spriggan berserker (berserk) and 2
friendly ball pythons.

Vanquished Creatures
  Rupert (D)
  Kirke (D)
  Aizul (D)
  A frost giant (D)
  2 stone giants (D)
  An entropy weaver (D)
  A vampire knight (D)
  A spark wasp (D)
  A dire elephant (D)
  Snorg (D)
  A merfolk javelineer (D)
  2 great orbs of eyes (D)
  Josephine (D)
  A naga warrior (D)
  An ice dragon (D)
  A hydra (D)
  2 centaur warriors (D)
  2 ogre magi (D)
  3 deep troll shamans (D)
  A two-headed ogre (D)
  6 orc high priests (D)
  2 tengu warriors (D)
  A spriggan berserker (D)
  2 naga sharpshooters (D)
  A deep troll (shapeshifter) (D)
  A skeletal warrior (D)
  2 sea snakes (D)
  2 shambling mangroves (D)
  A naga ritualist (D)
  A wizard (D)
  An orb spider (D)
  A cyclops (D)
  A wolf spider (D)
  A manticore (D)
  3 ugly things (D)
  A guardian serpent (D)
  3 black mambas (D)
  A water nymph (D)
  A spiny frog (D)
  8 elephants (D)
  A yaktaur (D)
  A demonic crawler (D)
  A merfolk (D)
  A tyrant leech (D)
  3 hornets (D)
  2 slime creatures (D)
  2 snapping turtles (D)
  2 blink frogs (D)
  A redback (D)
  A vampire (D)
  4 tarantellas (D)
  3 wraiths (D)
  4 yaks (D)
  3 hogs (D)
  2 nagas (D)
  4 porcupines (D)
  An insubstantial wisp (D)
  2 water moccasins (D)
  15 orc warriors (D)
  A sky beast (D)
  A phantom (D)
  A centaur (D)
  A wolf (D)
  3 bullfrogs (D)
  A scorpion (D)
  A wight (D)
  2 crimson imps (D)
  11 orc priests (D)
  2 orc wizards (D)
  A hell rat (D)
  2 adders (D)
  A shadow imp (D)
  An adder skeleton (D)
  A dart slug (D)
  9 orcs (D)
  A bat (D)
  A bat skeleton (D)
  A quokka (D)
  2 goblins (D)
  A leopard gecko skeleton (D)
  A rat (D)
165 creatures vanquished.

Vanquished Creatures (collateral kills)
  A wolf (D)
1 creature vanquished.

Vanquished Creatures (others)
  A spatial maelstrom (D)
1 creature vanquished.

Grand Total: 167 creatures vanquished

Notes
Turn   | Place    | Note
-------+----------+-------------------------------------------
     0 | D        | emperorscorpion the Troll Transmuter began the quest for the Orb.
     0 | D        | Reached XP level 1. HP: 18/18 MP: 1/1
     2 | D        | Banished a spatial maelstrom
    13 | D        | Reached skill level 4 in Unarmed Combat
    39 | D        | Reached XP level 2. HP: 26/26 MP: 0/3
    43 | D        | Reached skill level 5 in Unarmed Combat
    61 | D        | Found a roughly hewn altar of Beogh.
    61 | D        | Found a snail-covered altar of Cheibriados.
    61 | D        | Found a shadowy altar of Dithmenos.
    61 | D        | Found a white marble altar of Elyvilon.
    61 | D        | Found a blossoming altar of Fedhas.
    61 | D        | Found an opulent altar of Gozag.
    62 | D        | Found a hazy altar of Hepliaklqana.
    63 | D        | Found a viscous altar of Jiyva.
    64 | D        | Found an ancient bone altar of Kikubaaqudgha.
    65 | D        | Found a corrupted altar of Lugonu.
    66 | D        | Found a burning altar of Makhleb.
    67 | D        | Found a sparkling altar of Nemelex Xobeh.
    68 | D        | Found an iron altar of Okawaru.
    69 | D        | Found a stormy altar of Qazlal.
    70 | D        | Found a sacrificial altar of Ru.
    71 | D        | Found a deep blue altar of Sif Muna.
    72 | D        | Found a bloodstained altar of Trog.
    73 | D        | Found a hide-covered altar of Uskayaw.
    74 | D        | Found a radiant altar of Vehumet.
    75 | D        | Found an ornate altar of the Wu Jian Council.
    76 | D        | Found a shimmering altar of Xom.
    77 | D        | Found a basalt altar of Yredelemnul.
    78 | D        | Found a glowing silver altar of Zin.
    79 | D        | Became a worshipper of Sif Muna the Loreminder
    83 | D        | Learned a level 2 spell: Sticks to Snakes
    83 | D        | Found a glowing golden altar of the Shining One.
   118 | D        | Noticed a centaur
   118 | D        | Noticed an orc warrior
   118 | D        | Noticed an orc warrior
   118 | D        | Noticed a crimson imp
   118 | D        | Noticed a yak
   121 | D        | Killed a centaur
   121 | D        | Reached skill level 7 in Unarmed Combat
   121 | D        | Reached XP level 3. HP: 20/32 MP: 0/5
   121 | D        | Reached XP level 4. HP: 25/40 MP: 0/6
   122 | D        | Reached * piety under Sif Muna
   122 | D        | Killed an orc warrior
   122 | D        | Reached skill level 9 in Unarmed Combat
   122 | D        | Reached XP level 5. HP: 29/46 MP: 0/8
   125 | D        | Killed an orc warrior
   125 | D        | Reached XP level 6. HP: 14/54 MP: 0/10
   126 | D        | Reached ** piety under Sif Muna
   201 | D        | Learned a level 4 spell: Ice Form
   212 | D        | Killed a yak
   212 | D        | Reached skill level 10 in Unarmed Combat
   212 | D        | Reached skill level 1 in Ice Magic
   245 | D        | Noticed a sky beast
   247 | D        | Reached XP level 7. HP: 57/61 MP: 10/12
   252 | D        | Reached *** piety under Sif Muna
   257 | D        | Reached skill level 5 in Dodging
   258 | D        | Reached skill level 5 in Transmutations
   265 | D        | Reached skill level 1 in Fighting
   265 | D        | Reached skill level 11 in Unarmed Combat
   377 | D        | Noticed a black mamba
   377 | D        | Noticed a yak
   382 | D        | Reached **** piety under Sif Muna
   382 | D        | Reached skill level 5 in Spellcasting
   423 | D        | Killed a black mamba
   423 | D        | Reached XP level 8. HP: 34/70 MP: 2/15
   426 | D        | Reached ***** piety under Sif Muna
   426 | D        | Reached skill level 1 in Evocations
   538 | D        | Identified Sif Muna's Volume of Evil Magic and Battle Magic (Sif Muna gifted it to you in the Dungeon)
   538 | D        | Received a gift from Sif Muna
   551 | D        | Learned a level 3 spell: Regeneration
   884 | D        | Noticed a blink frog
   884 | D        | Noticed an elephant
   891 | D        | Reached skill level 12 in Unarmed Combat
   897 | D        | Killed a blink frog
   897 | D        | Reached XP level 9. HP: 28/79 MP: 13/18
  1008 | D        | Killed an elephant
  1008 | D        | Received a gift from Sif Muna
  1057 | D        | Noticed an elephant
  1057 | D        | Noticed an elephant
  1057 | D        | Noticed an elephant
  1057 | D        | Noticed an elephant
  1057 | D        | Noticed a dire elephant
  1057 | D        | Noticed an elephant
  1066 | D        | Killed an elephant
  1066 | D        | Reached skill level 1 in Necromancy
  1072 | D        | Killed an elephant
  1111 | D        | Learned a level 3 spell: Spider Form
  1171 | D        | Killed a dire elephant
  1171 | D        | Identified Sif Muna's Reference Book on Conjuration and the Voyage (Sif Muna gifted it to you in the Dungeon)
  1171 | D        | Received a gift from Sif Muna
  1171 | D        | Reached skill level 13 in Unarmed Combat
  1171 | D        | Reached XP level 10. HP: 72/88 MP: 19/21
  1177 | D        | Killed an elephant
  1185 | D        | Killed an elephant
  1196 | D        | Killed an elephant
  1313 | D        | Noticed an elephant
  1324 | D        | Killed an elephant
  1346 | D        | Noticed an elephant
  1354 | D        | Killed an elephant
  1354 | D        | Reached skill level 14 in Unarmed Combat
  1354 | D        | Reached skill level 1 in Poison Magic
  1533 | D        | Reached ****** piety under Sif Muna
  1533 | D        | Identified Sif Muna's Almanac of the Damaging Snowflakes (Sif Muna gifted it to you in the Dungeon)
  1533 | D        | Received a gift from Sif Muna
  1582 | D        | Noticed an orc high priest
  1590 | D        | Noticed a smoke demon
  1591 | D        | Noticed a rust devil
  1788 | D        | Noticed an orange demon
  1791 | D        | Killed an orc high priest
  1791 | D        | Reached skill level 10 in Transmutations
  1890 | D        | Reached skill level 15 in Unarmed Combat
  1890 | D        | Reached XP level 11. HP: 97/97 MP: 19/23
  2005 | D        | Found Xeycuq's Gadget Emporium.
  2005 | D        | Noticed an orc high priest
  2005 | D        | Noticed an orc high priest
  2008 | D        | Found Loigigha's Antique Armour Shoppe.
  2011 | D        | Noticed a soul eater
  2012 | D        | Killed an orc high priest
  2012 | D        | Identified Sif Muna's Catalogue of Mutagenic Dark Secrets (Sif Muna gifted it to you in the Dungeon)
  2012 | D        | Received a gift from Sif Muna
  2018 | D        | Noticed a sixfirhy
  2021 | D        | Noticed a sun demon
  2049 | D        | HP: 5/117 [sixfirhy[an orc high priest] (10)]
  2194 | D        | Killed an orc high priest
  2366 | D        | Learned a level 6 spell: Statue Form
  2368 | D        | Found Xizeloiw's Assorted Antiques.
  2372 | D        | Found Opixta's Antique Armour Shoppe.
  2377 | D        | Noticed an orc high priest
  2439 | D        | Killed an orc high priest
  2439 | D        | Reached skill level 1 in Earth Magic
  2489 | D        | Noticed an orc high priest
  2490 | D        | Noticed a sixfirhy
  2499 | D        | Noticed a soul eater
  2507 | D        | Killed an orc high priest
  2507 | D        | Reached skill level 1 in Stealth
  2507 | D        | Reached skill level 16 in Unarmed Combat
  2558 | D        | Noticed an orc high priest
  2619 | D        | Noticed a sixfirhy
  2621 | D        | Killed an orc high priest
  2700 | D        | Bought a runed scarf for 200 gold pieces
  2700 | D        | Bought a runed shield for 187 gold pieces
  2722 | D        | Bought a wand of clouds (6) for 300 gold pieces
  2722 | D        | Bought a box of beasts for 200 gold pieces
  2722 | D        | Bought a phial of floods for 400 gold pieces
  2722 | D        | Bought a sack of spiders for 200 gold pieces
  2722 | D        | Bought a fan of gales for 400 gold pieces
  2771 | D        | Noticed Josephine
  2788 | D        | Killed Josephine
  2788 | D        | Identified Sif Muna's Volume of the Quantum Escort (Sif Muna gifted it to you in the Dungeon)
  2788 | D        | Received a gift from Sif Muna
  2788 | D        | Reached skill level 1 in Shields
  2957 | D        | Got the +9 hand crossbow of the Tired Curses {freeze, Dex+2}
  3002 | D        | Noticed a two-headed ogre
  3002 | D        | Noticed a cyan ugly thing
  3002 | D        | Noticed a skeletal warrior
  3006 | D        | Killed a two-headed ogre
  3007 | D        | Killed a cyan ugly thing
  3013 | D        | Noticed a stone giant
  3014 | D        | Killed a skeletal warrior
  3014 | D        | Reached skill level 10 in Spellcasting
  3018 | D        | Noticed a tengu warrior
  3020 | D        | Noticed a deep troll shaman
  3024 | D        | Killed a stone giant
  3024 | D        | Received a gift from Sif Muna
  3024 | D        | Reached skill level 17 in Unarmed Combat
  3024 | D        | Reached XP level 12. HP: 87/109 MP: 10/25
  3026 | D        | Killed a tengu warrior
  3026 | D        | Reached skill level 5 in Earth Magic
  3030 | D        | Killed a deep troll shaman
  3106 | D        | Noticed an ogre mage
  3107 | D        | Noticed a great orb of eyes
  3118 | D        | Killed an ogre mage
  3119 | D        | Paralysed by a great orb of eyes for 7 turns
  3129 | D        | Killed a great orb of eyes
  3254 | D        | Noticed Aizul
  3263 | D        | Killed Aizul
  3342 | D        | Identified Ceipixobb's Catalogue of Attacks (Sif Muna gifted it to you in the Dungeon)
  3342 | D        | Received a gift from Sif Muna
  3345 | D        | Reached skill level 5 in Shields
  3345 | D        | Reached skill level 18 in Unarmed Combat
  3347 | D        | Noticed an eight-headed hydra
  3360 | D        | Killed a nine-headed hydra
  3363 | D        | Reached skill level 5 in Fighting
  3379 | D        | Learned a level 6 spell: Freezing Cloud
  3403 | D        | Noticed a merfolk javelineer
  3418 | D        | Identified Sif Muna's Almanac of Boosts (Sif Muna gifted it to you in the Dungeon)
  3418 | D        | Received a gift from Sif Muna
  3428 | D        | Killed a merfolk javelineer
  3570 | D        | Noticed an entropy weaver
  3575 | D        | Reached XP level 13. HP: 118/118 MP: 19/26
  3584 | D        | Killed an entropy weaver
  3590 | D        | Reached skill level 19 in Unarmed Combat
  3598 | D        | Identified Sif Muna's Catalogue of Excruciating Execration (Sif Muna gifted it to you in the Dungeon)
  3598 | D        | Received a gift from Sif Muna
  3715 | D        | Reached skill level 10 in Dodging
  3787 | D        | Noticed Rupert
  3801 | D        | Killed Rupert
  3838 | D        | Noticed Kirke
  3844 | D        | Killed Kirke
  3881 | D        | Noticed Snorg
  3890 | D        | Killed Snorg
  3906 | D        | Noticed a stone giant
  3909 | D        | Identified Sif Muna's Incunabulum of Attacks and Orientation (Sif Muna gifted it to you in the Dungeon)
  3909 | D        | Received a gift from Sif Muna
  3912 | D        | Noticed a spark wasp
  3913 | D        | Reached skill level 20 in Unarmed Combat
  3915 | D        | Noticed a vampire knight
  3924 | D        | Killed a vampire knight
  3925 | D        | Noticed a frost giant
  3929 | D        | Killed a stone giant
  3943 | D        | Learned a level 4 spell: Force Lance
  4043 | D        | Killed a spark wasp
  4043 | D        | Reached skill level 1 in Translocations
  4053 | D        | Killed a frost giant
  4053 | D        | Identified Sif Muna's Catalogue of Dark Poison (Sif Muna gifted it to you in the Dungeon)
  4053 | D        | Received a gift from Sif Muna
  4053 | D        | Reached skill level 10 in Shields
  4053 | D        | Reached XP level 14. HP: 56/128 MP: 25/28
  4071 | D        | Mangled by a spriggan berserker

Vault maps used:
D:        linesprint

Skill      XL: |  1  2  3  4  5  6  7  8  9 10 11 12 13 14 |
---------------+-------------------------------------------+-----
Unarmed Combat | 4 7 9 10 11 12 13 15 17 18 20 | 20.8
Dodging        | 3 4 5 6 7 8 9 11 | 11.1
Transmutations | 2 3 4 6 7 9 10 11 12 | 12.4
Spellcasting   | 2 3 4 5 6 8 9 10 11 | 11.5
Ice Magic      | 1 3 |  3.9
Fighting       | 1 2 3 4 5 6 |  6.0
Evocations     | 1 3 |  3.3
Necromancy     | 1 2 3 |  3.2
Poison Magic   | 1 |  1.1
Earth Magic    | 4 7 9 |  9.7
Stealth        | 1 |  1.1
Shields        | 3 6 10 | 10.4
Translocations | 2 3 |  3.0
Charms         | |  0.8

Action                   |  1- 3 |  4- 6 |  7- 9 | 10-12 | 13-15 || total
-------------------------+-------+-------+-------+-------+-------++-------
Melee: Unarmed           |    22 |     9 |    96 |   282 |   107 ||   516
       Headbutt          |     3 |     1 |       |       |       ||     4
       Kick              |     1 |     2 |     2 |       |       ||     5
       Punch             |       |     2 |     3 |    16 |     1 ||    22
 Cast: Beastly Appendage |     2 |     2 |     2 |       |       ||     6
       Sticks to Snakes  |     1 |       |    12 |     3 |     1 ||    17
       Ice Form          |       |       |     4 |     5 |       ||     9
       Spider Form       |       |       |     1 |     4 |       ||     5
       Regeneration      |       |       |       |     5 |       ||     5
       Statue Form       |       |       |       |     6 |     6 ||    12
 Abil: End Transformatio |       |       |       |     1 |       ||     1
Evoke: Wand              |       |     2 |     2 |       |     4 ||     8
       Phial of floods   |       |       |       |       |     2 ||     2
  Use: Scroll            |       |       |       |     2 |       ||     2
       Potion            |       |       |       |     2 |     1 ||     3
 Stab: Distracted        |       |       |       |     1 |       ||     1
       Confused          |       |       |       |       |     1 ||     1
  Eat: Chunk             |       |     8 |    10 |    30 |     6 ||    54
Armor: Robe              |    10 |       |     9 |     5 |       ||    24
       Skin              |       |       |     8 |    49 |    50 ||   107
Dodge: Dodged            |    12 |     2 |    53 |   126 |    58 ||   251
Block: Shield            |       |       |       |       |    56 ||    56
       Reflection        |       |       |       |       |     5 ||     5

Table legend:
 A = Spawn XP
 B = Non-spawn XP
 C = Spawn XP percentage of total XP
 D = Spawn monster count
 E = Non-spawn monster count
 F = Spawn count percentage of total count
 G = Total turns spent on level
                    A         B        C        D         E        F      G
               +---------+---------+-------+---------+---------+-------+---------
         Total |       0 |   68601 |   0.0 |       0 |     166 |   0.0 |  4071
               +---------+---------+-------+---------+---------+-------+---------
             D |       0 |   68601 |   0.0 |       0 |     166 |   0.0 |  4071
               +---------+---------+-------+---------+---------+-------+---------
